 Dungeon Crawl Stone Soup version 0.25.1-8-g42b30a86e7 (webtiles) character file.

Game seed: 1712870526256307311

14193 Clowwww the Severer (level 12, -9/106 HPs)
             Began as a Hill Orc Fighter on Dec 2, 2020.
             Was a Believer of Ashenzari.
             Mangled by a titanic slime creature (77 damage)
             ... on level 12 of the Dungeon.
             The game lasted 00:34:14 (13104 turns).

Clowwww the Severer (Hill Orc Fighter)             Turns: 13104, Time: 00:34:15

Health: -9/106     AC: 23    Str: 21    XL:     12   Next: 13%
Magic:  12/12      EV:  4    Int: 11    God:    Ashenzari [**....]
Gold:   707        SH: 14    Dex: 13    Spells: 11/11 levels left

rFire    . . .     SeeInvis .   a - +3 war axe (curse)
rCold    . . .     Gourm    .   c - +2 kite shield (curse)
rNeg     + . .     Faith    .   r - +3 crystal plate armour (curse)
rPois    .         Spirit   .   (no helmet)
rElec    .         Reflect  .   (no cloak)
rCorr    .         Harm     .   (no gloves)
MR       ++++.                  (no boots)
Stlth    ..........             (no amulet)
HPRegen  0.27/turn              G - ring of Womufam {+Blink MR+ Stlth+}
MPRegen  0.13/turn              y - ring "Xavegey" {rN+ MR+++ Str-3 Int+3 Dex+3} (curse)

@: no status effects
A: no striking features
a: Curse Item, Scrying, Renounce Religion, Evoke Blink


You were on level 12 of the Dungeon.
You worshipped Ashenzari.
Ashenzari was pleased with you.
You were not hungry.

You visited 1 branch of the dungeon, and saw 12 of its levels.
You also visited: Ossuary.

You collected 707 gold pieces.

Inventory:

Hand Weapons
 a - a cursed +3 war axe (weapon)
 g - a +2 whip of electrocution
Missiles
 j - 2 throwing nets
 q - 15 boomerangs (quivered)
Armour
 b - the cursed +1 leather armour of the Fiddle {rPois Regen+ rCorr Int+3}
   (You found it on level 7 of the Dungeon)

   It affects your intelligence (+3).
   It protects you from poison.
   It increases your rate of regeneration.
   It provides partial protection from all sources of acid and corrosion.
   It has a curse placed upon it.
 c - a cursed +2 kite shield (worn)
 r - a cursed +3 crystal plate armour (worn)
Jewellery
 u - an uncursed ring of flight
 w - a +4 ring of evasion
 y - the cursed ring "Xavegey" (right hand) {rN+ MR+++ Str-3 Int+3 Dex+3}
   (You found it on level 6 of the Dungeon)

   [ring of positive energy]

   It affects your strength (-3).
   It affects your intelligence (+3).
   It affects your dexterity (+3).
   It protects you from negative energy.
   It affects your resistance to hostile enchantments.
   It has a curse placed upon it.
 F - an uncursed ring of resist corrosion
 G - the ring of Womufam (left hand) {+Blink MR+ Stlth+}
   (You took it off a big kobold on level 7 of the Dungeon)

   [ring of stealth]

   It affects your resistance to hostile enchantments.
   It lets you blink.
   It makes you more stealthy.
 L - an uncursed ring of protection from magic
Wands
 k - a wand of digging (7)
 s - a wand of polymorph (5)
 D - a wand of acid (6)
 I - a wand of flame (19)
 K - a wand of paralysis (5)
Scrolls
 e - 5 scrolls of teleportation
 t - 2 scrolls of amnesia
 v - 7 scrolls of identify
 z - 2 scrolls of enchant weapon
 A - a scroll of remove curse
 C - 4 scrolls of magic mapping
Potions
 d - 2 potions of might
 h - 2 potions of resistance
 i - 2 potions of heal wounds
 l - 4 potions of brilliance
 m - 3 potions of stabbing
 n - 10 potions of curing
 o - a potion of cancellation
 p - 4 potions of flight
 x - 4 potions of haste
 B - 2 potions of degeneration {unknown}
 E - a potion of invisibility {unknown}
Comestibles
 f - 21 rations
 H - 2 chunks of flesh


   Skills:
 + Level 9.7 Fighting
 + Level 15.5(17.4) Axes
 + Level 3.8 Throwing
 + Level 9.4 Armour
 + Level 2.0 Dodging
 + Level 0.8 Stealth
 + Level 9.7(11.1) Shields


You had 11 spell levels left.
You didn't know any spells.
Your spell library was empty.

Dungeon Overview and Level Annotations

Branches:
Dungeon (12/15)            Temple (0/1) D:6            Lair (0/6) D:8
Ossuary (visited)
    Orc: D:9-12

Altars:
Ashenzari
Dithmenos
Elyvilon
Kikubaaqudgha
Nemelex Xobeh
Qazlal
Sif Muna
Trog
Uskayaw
Wu Jian
Zin


Message History

The titanic slime creature is moderately wounded.
Your crystal plate armour prevents you from hitting the titanic slime creature.
The titanic slime creature is moderately wounded.
You block the titanic slime creature's attack.
You slash the titanic slime creature!
The titanic slime creature is moderately wounded.
The titanic slime creature hits you but does no damage.
Your crystal plate armour prevents you from hitting the titanic slime creature.
The titanic slime creature is moderately wounded.
You block the titanic slime creature's attack.
You slash the titanic slime creature!
The titanic slime creature is heavily wounded.
You slash the titanic slime creature!
The titanic slime creature is heavily wounded.
You block the titanic slime creature's attack.
You hit the titanic slime creature.
The titanic slime creature is heavily wounded.
The titanic slime creature hits you!!!!
Ouch! That really hurt!
You die...

, , , *.####*
####### * , ,
...#######......
, # *
#.#.........### ,
*
#.###.#.#####.#.#
* #.......#*
#.#.# * * ##
####...#...##.#.#
..#..
##).###..##.#.#
......##.[##
#.##.#.# *
......J@...#*
,..#.#.# *
.###.###..#.#,
,.#.#.# , , * *
,,...##.#*, #.# ,
* ###......, , ,
* * ####.###, , ,
**** * .., , ,,,
, ,* * # * ,, * ,
, ,


You could see a titanic slime creature.

Vanquished Creatures
  A two-headed ogre (D:8)
  2 unseen horrors
  Pikel (D:5)
  The ghost of wty the Covert, a novice FeEn of Nemelex Xobeh (D:10)
  2 ugly things (D:11)
  A deep elf mage (D:12)
  A cyclops (D:11)
  A gargoyle (D:11)
  A troll (D:7)
  Prince Ribbit (D:9)
  3 hippogriffs
  4 wraiths
  6 yaks
  A wyvern (D:11)
  A hungry ghost (D:10)
  A basilisk (D:8)
  Edmund (D:6)
  A steam dragon (D:10)
  A vampire mosquito (D:7)
  3 hornet zombies
  3 ice beasts
  5 orc warriors
  3 sky beasts
  A necrophage (D:10)
  4 phantoms
  8 ogres
  8 centaurs
  3 crocodiles
  5 big kobolds
  4 bullfrogs
  A wyvern zombie (D:10)
  3 scorpions
  2 vampire bats (D:6)
  14 wights
  6 howler monkeys
  A bullfrog zombie (D:5)
  A centaur zombie (D:10)
  7 crimson imps
  A quasit (D:11)
  5 hounds
  6 orc priests
  2 jellies
  8 orc wizards
  3 centaur skeletons
  4 iguanas
  6 worker ants
  A killer bee zombie (D:7)
  2 hound zombies (D:10)
  A hound skeleton (D:7)
  2 worker ant zombies
  9 gnolls (D:6)
  13 adders
  A howler monkey skeleton (D:10)
  A shadow imp (D:6)
  A white imp (D:7)
  An adder skeleton (D:2)
  3 adder zombies
  2 worms
  2 dart slugs (D:1)
  2 leopard geckos
  39 orcs
  6 bats
  3 bat skeletons (D:6)
  3 bat zombies (D:6)
  5 giant cockroaches
  6 goblins
  4 hobgoblins (D:1)
  5 jackals
  14 kobolds
  4 quokkas
  2 ball pythons (D:3)
  2 ball python skeletons (Ossuary)
  4 frilled lizards
  2 hobgoblin skeletons (Ossuary)
  2 hobgoblin zombies (Ossuary)
  An orc zombie (Ossuary)
  A quokka skeleton (D:4)
  4 rats
296 creatures vanquished.

Vanquished Creatures (others)
  2 slaves (D:6)
  A gnoll sergeant (D:6)
  A bullfrog skeleton (D:6)
  A gnoll (D:6)
5 creatures vanquished.

Grand Total: 301 creatures vanquished

Notes
Turn   | Place    | Note
-------+----------+-------------------------------------------
     0 | D:1      | Clowwww the Hill Orc Fighter began the quest for the Orb.
     0 | D:1      | Reached XP level 1. HP: 19/19 MP: 1/1
     4 | D:1      | You fall into a shaft and drop 1 floor!
   256 | D:1      | Reached XP level 2. HP: 27/27 MP: 2/2
   530 | D:1      | Reached skill level 3 in Axes
   604 | D:1      | Reached XP level 3. HP: 31/33 MP: 3/3
  1767 | D:3      | Found a sparkling altar of Nemelex Xobeh.
  1768 | D:3      | Found an ornate altar of the Wu Jian Council.
  1810 | D:3      | Reached XP level 4. HP: 37/40 MP: 4/4
  2126 | D:3      | Reached skill level 4 in Axes
  2682 | D:3      | Reached XP level 5. HP: 6/47 MP: 5/5
  3099 | D:3      | Found a stormy altar of Qazlal.
  3282 | D:4      | Reached skill level 5 in Axes
  3283 | D:4      | Found a shattered altar of Ashenzari.
  3569 | D:4      | Noticed an orc warrior
  3583 | D:4      | Killed an orc warrior
  3583 | D:4      | Reached XP level 6. HP: 6/53 MP: 6/6
  3838 | D:4      | Reached skill level 6 in Axes
  3838 | D:4      | Reached skill level 1 in Dodging
  4157 | D:4      | Reached XP level 7. HP: 47/60 MP: 7/7
  4336 | D:4      | Reached skill level 5 in Fighting
  4419 | D:4      | Reached skill level 7 in Axes
  4675 | D:4      | Became a worshipper of Ashenzari the Shackled
  4815 | D:4      | Found a glowing silver altar of Zin.
  4914 | D:5      | Entered Level 5 of the Dungeon
  4965 | D:5      | Reached skill level 5 in Armour
  5248 | D:5      | Reached skill level 5 in Shields
  5320 | D:5      | Reached skill level 8 in Axes
  5320 | D:5      | Reached XP level 8. HP: 67/69 MP: 8/8
  5662 | D:5      | Reached skill level 9 in Axes
  5912 | D:6      | Noticed Pikel
  5927 | D:5      | Killed Pikel
  5927 | D:5      | Reached skill level 10 in Axes
  5927 | D:5      | Reached XP level 9. HP: 63/78 MP: 9/9
  5980 | D:6      | Identified the ring "Xavegey" {rN+ MR+++ Str-3 Int+3 Dex+3}
  6005 | D:6      | Found a sand-covered staircase.
  6011 | Ossuary  | Entered an ossuary
  6406 | Ossuary  | Reached skill level 11 in Axes
  6540 | Ossuary  | Identified a scroll of acquirement
  6540 | Ossuary  | Acquired a cursed +2 crystal plate armour
  6720 | D:6      | Found a staircase to the Ecumenical Temple.
  6873 | D:6      | Reached * piety under Ashenzari
  6884 | D:6      | Noticed Edmund
  6902 | D:6      | Killed Edmund
  6991 | D:6      | Found a shadowy altar of Dithmenos.
  7024 | D:6      | Found an ancient bone altar of Kikubaaqudgha.
  7516 | D:7      | Reached skill level 12 in Axes
  7516 | D:7      | Reached XP level 10. HP: 66/86 MP: 10/10
  7867 | D:7      | Found a hide-covered altar of Uskayaw.
  7868 | D:7      | Found a shimmering blue altar of Sif Muna.
  7882 | D:7      | Found a white marble altar of Elyvilon.
  7882 | D:7      | Found a bloodstained altar of Trog.
  7940 | D:7      | Reached skill level 1 in Throwing
  8546 | D:7      | Identified the cursed +1 leather armour of the Fiddle
                  | {rPois Regen+ rCorr Int+3}
  8710 | D:7      | Identified the ring of Womufam {+Blink MR+ Stlth+}
  9016 | D:8      | Identified the +8 spear of the Puffball {vorpal, SInv}
  9023 | D:8      | Noticed a two-headed ogre
  9030 | D:8      | Killed a two-headed ogre
  9030 | D:8      | Reached skill level 13 in Axes
  9171 | D:8      | Found a staircase to the Lair.
 10023 | D:9      | Reached ** piety under Ashenzari
 10056 | D:9      | Noticed Prince Ribbit
 10069 | D:9      | Killed Prince Ribbit
 10069 | D:9      | Reached XP level 11. HP: 94/95 MP: 11/11
 10535 | D:10     | Entered Level 10 of the Dungeon
 10598 | D:10     | Found a runed translucent door.
 10602 | D:10     | Noticed wty's ghost (novice FeEn)
 10644 | D:10     | Killed wty's ghost
 10644 | D:10     | Reached skill level 14 in Axes
 11299 | D:10     | Killed an unseen horror
 11842 | D:11     | Noticed a green ugly thing
 11864 | D:11     | Killed a green ugly thing
 11913 | D:11     | Noticed a purple ugly thing
 11941 | D:11     | Killed a purple ugly thing
 11983 | D:11     | Reached skill level 15 in Axes
 12311 | D:11     | Noticed a cyclops
 12319 | D:11     | Killed a cyclops
 12720 | D:11     | Killed an unseen horror
 12720 | D:11     | Reached XP level 12. HP: 92/105 MP: 12/12
 13104 | D:12     | Mangled by a titanic slime creature

Illustrated notes

Levels and vault maps discovered:
D:1:      matt_arrival_grand_opening, layout_loops_ring
D:2:      layout_loops_corners, hangedman_decor_growths
D:3:      layout_loops_corners, gammafunk_temple_overflow_claw
D:4:      layout_basic, ashenzari_conservatory_becter,
          overflow_temple_1_default, guppyfry_early_orc_mine
D:5:      layout_gridville, first_ration
D:6:      layout_rooms, kennysheep_vampire_church, minmay_temple_entry_trees,
          nicolae_ossuary_entry_ruins, basic_altar, uniq_edmund, uniq_pikel
D:7:      minmay_the_grid_octo_tiled_octocenter [minmay_the_grid_octo_shrine,
          minmay_the_grid_octo_clover, minmay_the_grid_octo_pinwheel,
          minmay_the_grid_octo_empty, minmay_the_grid_octo_prize_single_spiral,
          minmay_the_grid_square_5x5_intrusive_squares,
          minmay_the_grid_square_5x5_bridge,
          minmay_the_grid_square_5x5_bracketed,
          minmay_the_grid_square_5x5_doubleslash], layout_loops_corners,
          grunt_ogre_cave, minmay_fire_ice_demons
D:8:      layout_loops_ring, david_lair_generic
D:9:      layout_loops_ring, uniq_prince_ribbit1
D:10:     minmay_four_partial_circles, layout_irregular_city,
          hellmonk_ghost_happy_afterlife, minmay_misc_feat_room
D:11:     layout_basic
D:12:     layout_loops_ring, orc_0_dummy, basic_altar

Skill      XL: |  1  2  3  4  5  6  7  8  9 10 11 |
---------------+----------------------------------+-----
Axes           | 3 4 5 6 8 10 12 13 15 | 15.5
Fighting       | 4 5 6 7 8 9 |  9.7
Shields        | 4 5 7 8 9 |  9.7
Armour         | 4 5 7 8 9 |  9.4
Dodging        | 1 2 |  2.0
Throwing       | 1 3 |  3.8
Stealth        | |  0.8

Action                   |  1- 3 |  4- 6 |  7- 9 | 10-12 || total
-------------------------+-------+-------+-------+-------++-------
Melee: War axe           |    92 |   129 |   303 |   565 ||  1089
Throw: Boomerang         |       |       |     8 |    86 ||    94
Invok: Curse Item        |       |       |     3 |     1 ||     4
  Use: Potion            |       |     1 |       |       ||     1
       Scroll            |       |       |    24 |     5 ||    29
  Eat: Chunk             |     3 |     5 |     6 |    16 ||    30
       Ration            |       |     1 |     1 |     1 ||     3
Armor: Scale mail        |    48 |    50 |    59 |       ||   157
       Crystal plate arm |       |       |    91 |   284 ||   375
Dodge: Dodged            |    28 |    49 |    40 |    38 ||   155
Block: Kite shield       |    38 |    53 |   166 |   306 ||   563
